Map: 伊菲莫隆 - 天梯版

Players

llllllllllll - Winner!

  • Race: Terran Terran
  • League: Master
  • Spawn Location: 5:00

IIIIIIIIII

  • Race: Protoss Protoss
  • League: Master
  • Spawn Location: 11:00

VOD

Have the link to the VOD?

Description

Time

  • Played on: Dec. 3, 2019, 9:35 a.m.
  • Length: 7:53
Show
View Real Time Build Order
Export as new Build Order

llllllllllll Terran - Winner!

Build Orders: Reaper Expand 

Get SALT Encoding   

  12  0:00  SCV  
  13  0:12  SCV  
  14  0:17  Supply Depot  
  14  0:24  SCV  
  15  0:38  SCV  
  15  0:40  Barracks  
  16  0:46  Refinery  
  16  0:51  SCV  
  17  1:03  SCV  
  18  1:15  SCV  
  19  1:27  Orbital Command  
  19  1:28  Reaper  
  20  1:45  Command Center  
  20  1:54  SCV  
  21  2:01  Barracks Reactor  
  21  2:03  Supply Depot  
  21  2:06  SCV  
  22  2:18  SCV  
  23  2:26  Factory, Refinery  
  23  2:31  SCV  
  24  2:37  Marine x2  
  24  2:43  SCV  
  27  2:55  SCV, Marine x2  
  30  2:59  Orbital Command  
  30  3:07  SCV  
  30  3:10  Starport, Factory Tech Lab  
  31  3:13  Marine x2  
  31  3:19  SCV  
  34  3:21  Supply Depot  
  34  3:26  SCV  
  35  3:29  Siege Tank  
  35  3:32  Marine x2  
  40  3:36  SCV  
  40  3:40  SCV  
  42  3:47  Medivac  
  43  3:49  Supply Depot  
  43  3:50  SCV  
  43  3:52  Barracks, Marine  
  45  3:57  SCV  
  46  4:03  SCV  
  46  4:07  Barracks  
  46  4:08  Siege Tank  
  50  4:10  SCV  
  50  4:13  Marine x2  
  50  4:15  SCV  
  52  4:29  SCV  
  52  4:31  Starport Tech Lab, Marine x2  
  53  4:32  SCV  
  56  4:41  SCV  
  57  4:46  SCV  
  57  4:50  Engineering Bay  
  57  4:51  Supply Depot  
  58  4:52  Factory Tech Lab  
  58  4:53  SCV  
  58  4:55  Stimpack  
  58  4:56  Marine x2  
  62  5:04  SCV  
  62  5:06  Supply Depot  
  62  5:07  Refinery  
  62  5:09  Combat Shield, Starport Reactor  
  62  5:12  Marine  
  62  5:13  SCV, Marauder  
  66  5:15  Supply Depot  
  66  5:16  SCV  
  66  5:18  Marine x2  
  69  5:25  Barracks  
  69  5:26  Terran Infantry Weapons Level 1  
  69  5:27  Barracks  
  70  5:32  Marine  
  70  5:34  Marine  
  70  5:35  Factory Tech Lab  
  73  5:38  Marine x2  
  73  5:44  Supply Depot x2  
  73  5:47  Medivac  
  75  5:50  Marine  
  75  5:52  Marauder  
  75  5:56  Marine x2  
  80  5:58  Supply Depot  
  80  6:03  Factory Reactor  
  80  6:08  Marine  
  81  6:13  Marine  
  81  6:14  Marine  
  81  6:17  Marine  
  81  6:18  Medivac  
  86  6:22  Supply Depot  
  86  6:25  Marauder, Marine  
  88  6:26  Marauder  
  88  6:31  Marauder  
  92  6:34  Marine  
  92  6:35  Supply Depot  
  93  6:43  Marauder  
  93  6:46  Marauder  
  97  6:51  Marauder, Marine  
  97  6:52  Marine  
  97  6:53  Marauder  
  103  7:04  Marine  
  75  7:26  Marine  
Show
View Real Time Build Order
Export as new Build Order

IIIIIIIIII Protoss 

Build Orders: 1 Gate Expand, Zealot Archon 

Get SALT Encoding   

  12  0:00  Probe  
  13  0:13  Probe  
  14  0:17  Pylon  
  14  0:25  Probe (Chrono Boost)  
  15  0:37  Probe (Chrono Boost)  
  15  0:38  Gateway  
  16  0:44  Probe (Chrono Boost)  
  16  0:47  Assimilator  
  17  0:51  Probe  
  18  1:03  Probe  
  19  1:15  Probe  
  20  1:25  Nexus  
  20  1:34  Cybernetics Core  
  20  1:37  Probe  
  21  1:43  Assimilator  
  21  1:49  Probe  
  21  1:52  Pylon  
  22  2:00  Warp Gate  
  22  2:01  Probe  
  22  2:07  Stalker (Chrono Boost)  
  23  2:13  Probe  
  26  2:26  Probe  
  27  2:30  Stalker  
  27  2:36  Probe  
  30  2:38  Probe  
  31  2:49  Gateway x2  
  32  2:52  Probe (Chrono Boost)  
  32  2:53  Probe (Chrono Boost)  
  33  3:02  Stalker  
  37  3:06  Probe (Chrono Boost)  
  37  3:07  Probe (Chrono Boost)  
  37  3:14  Pylon, Probe  
  37  3:15  Probe  
  39  3:27  Probe x2  
  41  3:35  Pylon  
  41  3:39  Probe x2  
  43  3:48  Stalker x2  
  43  3:49  Stalker  
  43  3:51  Probe  
  43  3:52  Probe  
  51  3:56  Robotics Facility  
  51  4:03  Probe  
  51  4:04  Probe  
  53  4:12  Stalker x3  
  53  4:16  Pylon  
  59  4:17  Probe  
  59  4:18  Probe  
  59  4:20  Assimilator  
  59  4:23  Assimilator  
  54  4:32  Probe  
  55  4:40  Twilight Council  
  55  4:41  Forge  
  55  4:43  Stalker x2  
  59  4:45  Stalker  
  59  4:47  Observer (Chrono Boost)  
  59  4:51  Probe  
  63  4:55  Probe  
  63  4:58  Pylon  
  63  4:59  Protoss Ground Armor Level 1  
  64  5:03  Probe  
  64  5:05  Immortal (Chrono Boost)  
  69  5:08  Pylon  
  69  5:13  Charge (Chrono Boost)  
  69  5:29  Templar Archives  
  69  5:33  Nexus  
  69  5:38  Gateway  
  69  5:43  Psionic Storm  
  69  5:49  Gateway x2  
  68  5:55  Gateway  
  68  6:00  Warp Prism  
  70  6:14  High Templar x2  
  74  6:19  Pylon  
  74  6:21  Probe, Gateway  
  75  6:27  Probe  
  76  6:33  Probe  
  76  6:38  Pylon  
  76  6:39  Probe  
  78  6:43  Pylon  
  78  6:45  Probe  
  78  6:46  High Templar x2  
  83  6:48  Zealot x2  
  83  6:49  Zealot  
  83  6:51  Archon  
  89  6:56  Zealot x2  
  89  7:00  Pylon  
  93  7:04  Gateway  
  93  7:09  Zealot x3  
  99  7:22  Zealot x4  
  91  7:27  Zealot  
  79  7:32  Zealot x2  
  70  7:41  High Templar  
  70  7:42  High Templar  
  70  7:43  Zealot x2  
  61  7:48  Zealot  
  61  7:50  Archon  
Tags
 
Add a new tag
Caveats
  • Supply blocks, unpowered buildings, or Contaminate may cause inaccurate times.
  • Supply counts are checked every 10 seconds.